 Dungeon Crawl Stone Soup version 0.13-a0-2527-g93fcdc4 (webtiles) character file.

1121 JogiH the Firebug (level 7, 0/60 HPs)
             Began as a Djinni Fire Elementalist on July 25, 2013.
             Hit by a club thrown by a human (7 damage)
             ... on Level 5 of the Dungeon.
             The game lasted 00:27:25 (17014 turns).

JogiH the Firebug (Djinni Fire Elementalist)       Turns: 17014, Time: 00:27:25

HP   0/60        AC  4     Str  9      XL: 7   Next: 94%
MP   0/0         EV 12     Int 17      God:
Gold 148         SH  0     Dex 13      Spells:  5 memorised,  5 levels left

Res.Fire  : + + +   See Invis. : .   r - +0 quarterstaff
Res.Cold  : x . .   Warding    : .   A - +0 elf robe
Life Prot.: + + +   Conserve   : .   (no shield)
Res.Poison: .       Res.Corr.  : .   l - +0 dwarf spiked helmet
Res.Elec. : .       Clarity    : .   (no cloak)
Sust.Abil.: . .     Spirit.Shd : .   w - +0 pair of dwarf gauntlets
Res.Mut.  : .       Stasis     : .   (boots unavailable)
Res.Rott. : .       Flight     : .   (no amulet)
Saprovore : . . .                    (no ring)
                                     (no ring)

@: very slightly contaminated, slightly resistant to hostile enchantments,
unstealthy
A: no striking features
a: no special abilities


You were on level 5 of the Dungeon.
You were not hungry.

You visited 1 branch of the dungeon, and saw 5 of its levels.

You collected 128 gold pieces.

Inventory:

Hand weapons
 r - a +0,+0 quarterstaff (weapon)
Missiles
 f - 2 darts of frost (quivered)
Armour
 l - a +0 dwarven spiked helmet (worn)
 w - a +0 pair of dwarven gauntlets (worn)
 A - a +0 elven robe (worn)
Magical devices
 a - a wand of confusion (11)
 t - a wand of frost (10)
 z - a wand of confusion (7)
Scrolls
 d - 4 scrolls of curse jewellery {unknown}
 i - a scroll of remove curse
 k - a scroll of enchant weapon I {unknown}
 m - a scroll of enchant weapon II {unknown}
 n - a scroll of magic mapping {unknown}
 o - a scroll of identify
 p - 5 scrolls of teleportation
 s - a scroll of fear {unknown}
 u - 2 scrolls of blinking {unknown}
 v - a scroll of amnesia {unknown}
 y - a scroll of fog {unknown}
 B - a scroll of random uselessness {unknown}
 D - a scroll of recharging {unknown}
 E - a scroll of immolation {unknown}
Jewellery
 C - an uncursed ring of teleportation
Potions
 c - a potion of heal wounds {unknown}
 e - a potion of agility {unknown}
 g - a potion of cure mutation {unknown}
 j - 2 potions of speed
 x - 3 potions of might {unknown}
Books
 b - a book of Flames

   Spells                             Type                      Level
   *Flame Tongue                      Conjuration/Fire             1
   *Throw Flame                       Conjuration/Fire             2
   *Conjure Flame                     Conjuration/Fire             3
   *Inner Flame                       Hexes/Fire                   3
   *Sticky Flame                      Conjuration/Fire             4
   Fireball                           Conjuration/Fire             5


   Skills:
 * Level 1.1 Fighting
 * Level 1.3 Staves
 - Level 1.7 Dodging
 - Level 1.5 Stealth
 * Level 6.2 Spellcasting
 * Level 5.6 Conjurations
 + Level 6.9 Fire Magic


You had 5 spell levels left.
You knew the following spells:

 Your Spells              Type           Power        Failure   Level  Hunger
a - Flame Tongue          Conj/Fire      ####.        1%          1    None
b - Throw Flame           Conj/Fire      ####..       1%          2    None
c - Conjure Flame         Conj/Fire      ####....     3%          3    ##.....
d - Inner Flame           Hex/Fire       ###.....     10%         3    ##.....
e - Sticky Flame          Conj/Fire      ####....     12%         4    ####...


Dungeon Overview and Level Annotations

Branches:
Dungeon (5/27)
 Temple: D:4-7

Altars:
Trog

Annotations
D:2 Terence


Message History

The fire roars!
You see here a meat ration.
You start resting.
The human throws a club.
The club misses you.
The human throws a dart of frost.
The dart of frost hits you!
Your yellow potion freezes and shatters!
* * * LOW HITPOINT WARNING * * *
Things that are here:
a dart of frost; a club The human throws a dart of frost.
The dart of frost hits you!
You feel a terrible chill!
* * * LOW HITPOINT WARNING * * *
Casting: Conjure Flame
Confirm with . or Enter, or press ? or * to list all spells.
Aiming: Conjure Flame
Press: ? - help, Dir - move target cursor The fire roars!
You are very lightly contaminated with residual magic.
The human throws a club.
The club hits you!
You die...

#
#########...........######..
#...........# #.) #####
##################.. ##@%.#
#............. .#.#.#######
#.##########.# @#.#.@(..§.#
#.# #.... .#.#######.# #.#
##..# .#.# #@#########.#
#... .#.# #......@....# #..#
.#.# ############# #..# .#.#
#... )#.# #### (#.# .§.#
####


You could see a human.

Vanquished Creatures
  Menkaure (D:4)
  Duvessa (D:4)
  A centaur (D:4)
  Blork the orc (D:4)
  A giant frog (D:3)
  A crimson imp (D:4)
  Dowan (D:4)
  An orc priest (D:5)
  2 scorpions
  3 orc wizards
  3 iguanas
  4 worker ants
  Jessica (D:2)
  7 adders
  2 worms (D:4)
  An adder skeleton (D:4)
  A giant eyeball (D:4)
  A giant gecko (D:3)
  An ooze (D:1)
  6 orcs
  7 bats
  9 goblins
  12 hobgoblins
  7 jackals
  14 kobolds
  A quokka (D:3)
  3 ball pythons
  5 giant cockroaches
  7 giant newts
  A hobgoblin skeleton (D:5)
  7 rats
113 creatures vanquished.

Notes
Turn   | Place    | Note
--------------------------------------------------------------
     0 | D:1      | JogiH, the Djinni Fire Elementalist, began the quest for the Orb.
     0 | D:1      | Reached XP level 1. HP: 14/14 MP: 0/0
   333 | D:1      | Reached XP level 2. EP: 15/21
   375 | D:1      | Learned a level 2 spell: Throw Flame
  3163 | D:1      | Reached skill level 5 in Fire Magic
  3163 | D:1      | Reached XP level 3. EP: 6/27
  6145 | D:1      | Learned a level 3 spell: Conjure Flame
 10465 | D:2      | Noticed Terence
 10560 | D:1      | Noticed a wraith
 10595 | D:3      | Reached XP level 4. EP: 7/35
 10812 | D:2      | Noticed Jessica
 10814 | D:2      | Killed Jessica
 11729 | D:2      | Learned a level 3 spell: Inner Flame
 11753 | D:2      | Reached XP level 5. EP: 36/41
 12833 | D:3      | Reached skill level 1 in Staves
 12946 | D:3      | HP: 2/42 [orc wizard/magic dart (10)]
 13732 | D:3      | Reached skill level 1 in Fighting
 13732 | D:3      | Reached XP level 6. EP: 40/49
 14129 | D:4      | Noticed Dowan
 14135 | D:4      | Noticed Duvessa
 14362 | D:4      | Killed Dowan
 14370 | D:4      | Killed Duvessa
 14370 | D:4      | Reached skill level 6 in Fire Magic
 14799 | D:4      | Found a bloodstained altar of Trog.
 14799 | D:4      | Noticed Blork the orc
 14892 | D:4      | Killed Blork the orc
 14892 | D:4      | Reached skill level 5 in Spellcasting
 14892 | D:4      | Reached XP level 7. EP: 32/58
 15218 | D:3      | Learned a level 4 spell: Sticky Flame
 15266 | D:4      | Noticed Menkaure
 15269 | D:4      | Killed Menkaure
 15452 | D:4      | Reached skill level 5 in Conjurations
 16125 | D:4      | Paralysed by a giant eyeball for 2 turns
 16337 | D:5      | Entered Level 5 of the Dungeon
 16841 | D:5      | Noticed a human
 16973 | D:5      | HP: 1/60 [human/ club (8)]
 17014 | D:5      | Hit by a club thrown by a human

Action                   |  1- 3 |  4- 6 |  7- 9 || total
-------------------------+-------+-------+-------++-------
Melee: Unarmed           |     4 |       |       ||     4
       Quarterstaff      |     1 |    28 |    71 ||   100
 Cast: Flame Tongue      |    42 |    66 |    37 ||   145
       Throw Flame       |    39 |    64 |    31 ||   134
       Conjure Flame     |     4 |    14 |     9 ||    27
  Use: Scroll            |     1 |       |     4 ||     5
       Potion            |     1 |     2 |     1 ||     4
 Stab: Sleeping          |       |       |     1 ||     1
